 Dungeon Crawl Stone Soup version 0.32-a0-411-g744942f433 (webtiles) character file.

Game seed: 17441045445817830366

64 zenocrate the Sneak (level 4, -2/29 HPs)
             Began as a Kobold Delver on Feb 20, 2024.
             Slain by a jackal (3 damage)
             ... in a sewer.
             The game lasted 00:01:32 (804 turns).

zenocrate the Sneak (Kobold Delver)                  Turns: 804, Time: 00:01:34

Health: -2/29      AC:  3    Str:  9    XL:     4   Next: 32%
Magic:  4/4        EV: 15    Int: 11    God:
Gold:   0          SH:  0    Dex: 18    Spells: 3/3 levels left

rFire   . . .        a - +0 short sword
rCold   . . .        (no shield)
rNeg    . . .        b - +0 leather armour
rPois   .            (no helmet)
rElec   .            (no cloak)
rCorr   .            (no gloves)
SInv    .            (no boots)
Will    +....        (no amulet)
Stlth   ++++         (no ring)
HPRegen 0.24/turn    (no ring)
MPRegen 0.09/turn

%: no passive effects
@: enlightened, flying, hasted, very quick
A: small, no large weapons, nightstalker 3
a: no special abilities


You were in a sewer.
You visited 1 branch of the dungeon, and saw 3 of its levels.
You also visited: Sewer.

Inventory:

Hand Weapons
 a - a +0 short sword (weapon)
Armour
 b - a +0 leather armour (worn)
Wands
 g - a wand of digging (3)
Scrolls
 c - a scroll of fog
 h - a scroll of brand weapon {unknown}


   Skills:
 * Level 4.1 Fighting
 + Level 3.5 Short Blades
 + Level 3.2 Dodging
 + Level 7.1 Stealth


You had 3 spell levels left.
You didn't know any spells.
Your spell library was empty.

Dungeon Overview and Level Annotations

Branches:
Dungeon (5/15)              Sewer (1/1)
 Temple: D:4-7

Altars:
Ashenzari
Kikubaaqudgha


Innate Abilities, Weirdness & Mutations

You are small and have problems with some larger weapons.
You are completely attuned to the shadows.


Message History

The kobold brigand is lightly wounded.
Unknown command.
You barely miss the kobold brigand.
The kobold brigand is lightly wounded.
The kobold throws a stone.
The stone hits you but does no damage.
You completely miss the kobold brigand.
The kobold brigand is lightly wounded.
The jackal bites you.
You closely miss the kobold brigand.
The kobold brigand is lightly wounded.
The kobold brigand hits you with a +0 dagger.
You hit the kobold brigand but do no damage.
The kobold brigand is lightly wounded.
The jackal barely misses you.
You hit the kobold brigand but do no damage.
The kobold brigand is lightly wounded.
The kobold brigand hits you with a +0 dagger.
The jackal bites you.
You hit the kobold brigand.
The kobold brigand is moderately wounded.
The jackal closely misses you.
Unknown command.
You barely miss the kobold brigand.
The kobold brigand is moderately wounded.
The kobold brigand hits you with a +0 dagger!
Unknown command.
You hit the kobold brigand.
The kobold brigand is moderately wounded.
The jackal bites you.
* * * LOW HITPOINT WARNING * * *
Unknown command.
Unknown command.
Okay, then.
It was a potion of enlightenment.
You feel very buoyant.
You fly up into the air.
The kobold brigand hits you with a +0 dagger.
* * * LOW HITPOINT WARNING * * *
The jackal bites you.
You die...

≈~....# ...... .K..
####h#### #.~)@K..#
#..~~~..# #.~≈≈≈~~#
#.~≈≈≈~~# #~~≈≈≈~.#
#.~~≈~~ #~.~≈~.
#############..~≈~~
~~~~~~~~~~~~~~~~≈~.


You could see a kobold brigand, a jackal and a kobold.

Vanquished Creatures
  A river rat (Sewer)
  4 ribbon worms (D:3)
  An orc (D:4)
  A bat (D:3)
  An endoplasm (D:3)
  A giant cockroach (D:3)
  6 jackals
  A kobold (Sewer)
  2 quokkas (D:3)
  2 ball pythons (D:3)
  7 rats
27 creatures vanquished.

Notes
Turn   | Place    | Note
-------+----------+-------------------------------------------
     0 | D:5      | zenocrate the Kobold Delver began the quest for the Orb.
     0 | D:5      | Reached XP level 1. HP: 14/14 MP: 1/1
    26 | D:5      | Noticed a hound
    69 | D:4      | Reached XP level 2. HP: 12/19 MP: 2/2
   152 | D:4      | Found an ancient bone altar of Kikubaaqudgha.
   180 | D:4      | Found a broken altar of Ashenzari.
   335 | D:3      | Reached XP level 3. HP: 17/23 MP: 3/3
   626 | D:3      | Found a glowing drain.
   653 | D:3      | Reached skill level 7 in Stealth
   657 | Sewer    | Entered a sewer
   671 | Sewer    | Reached XP level 4. HP: 17/29 MP: 4/4
   786 | Sewer    | Noticed a kobold brigand
   804 | Sewer    | HP: 1/29 [kobold brigand/+0 dagger (6)]
   804 | Sewer    | Slain by a jackal

Illustrated notes

Levels and vault maps discovered:
D:3:      layout_basic, gup_sewer_entry_bubbles, serial_rivers,
          chequers_serial_rivers_micro_c, chequers_serial_rivers_room_b,
          chequers_serial_rivers_micro_a, chequers_serial_rivers_small_3,
          uniq_robin, uniq_jessica, uniq_ijyb
D:4:      layout_layer_cave, mainiacjoe_overflow_large_starburst,
          nicolae_kikubaaqudgha_miasma_corner, serial_shops,
          nicolae_lakefront_shop, uniq_edmund
D:5:      layout_cave_pools, nicolae_yredelemnul_corpse_copse,
          minmay_temple_entry_poolview, serial_shops,
          nicolae_shop_tiny_waterfront, kennysheep_generic_room_8
Sewer:    sewer_kobolds

Skill      XL: |  1  2  3 |
---------------+----------+-----
Short Blades   | 3 |  3.5
Dodging        | 3 |  3.2
Stealth        | 7 |  7.1
Fighting       | 4 |  4.1

Action                     |  1- 3 |  4- 6 || total
---------------------------+-------+-------++-------
  Melee: Short sword       |   156 |    28 ||   184
    Use: Scroll            |     2 |       ||     2
         Potion            |       |     2 ||     2
   Stab: Sleeping          |     7 |     1 ||     8
 Armour: Leather armour    |    40 |    16 ||    56
  Dodge: Dodged            |    84 |    18 ||   102

Table legend: (Time is in decaauts)
 A = Elapsed time spent in this place.
 B = Non-inter-level travel time spent in this place.
 C = Inter-level travel time spent in this place.
 D = Time resting spent in this place.
 E = Time spent auto-exploring this place.
 F = Levels seen in this place.
 G = Mean time per level.
                   A        B        C        D        E       F      G
               +--------+--------+--------+--------+--------+-----+--------+
         Total |    810 |    798 |     12 |     34 |    374 |   4 |  202.5 |
       Dungeon |    655 |    643 |     12 |     34 |    267 |   3 |  218.3 |
         Sewer |    155 |    155 |      0 |      0 |    106 |   1 |  155.0 |
               +--------+--------+--------+--------+--------+-----+--------+

Top non-repeatable levels by time:
     D:3: 382 daAuts
     D:4: 225 daAuts
   Sewer: 155 daAuts
     D:5: 47 daAuts
